 Dungeon Crawl Stone Soup version 0.28-a0-32-g8dfe7f97f6 (webtiles) character file.

Game seed: 17824398565126829215

39222 robertstho the Basher (level 14, -13/91 HPs)
             Began as a Gargoyle Fighter on July 26, 2021.
             Was a High Priest of the Shining One.
             Mangled by a black mamba (20 damage)
             ... on level 5 of the Lair of Beasts on July 27, 2021.
             The game lasted 00:29:53 (21098 turns).

robertstho the Basher (Gargoyle Fighter)           Turns: 21098, Time: 00:29:54

Health: -13/91     AC:  0    Str: 25    XL:     14   Next: 5%
Magic:  13/21      EV: 14    Int:  9    God:    the Shining One [*****.]
Gold:   1893       SH:  5    Dex:  9    Spells: 13/13 levels left

rFire   . . .      SeeInvis .   (weapon currently unavailable)
rCold   . . .      Faith    .   (shield currently unavailable)
rNeg    + + +      Spirit   .   (armour currently unavailable)
rPois   ∞          Reflect  +   (helmet currently unavailable)
rElec   .          Harm     .   (cloak currently unavailable)
rCorr   .          Rampage  .   (gloves currently unavailable)
Will    +....                   (boots currently unavailable)
Stlth   +.........              u - amulet of reflection
HPRegen 0.25/turn               (ring currently unavailable)
MPRegen 0.17/turn               (ring currently unavailable)

@: pig-form, slowed, glowing
A: fast, no casting, sickness immunity, AC +10, small, (big wings), negative
energy resistance 1, (electricity resistance), torment resistance 1,
petrification resistance
a: Renounce Religion, Divine Shield, Cleansing Flame, Summon Divine Warrior


You were on level 5 of the Lair of Beasts.
You worshipped the Shining One.
The Shining One was extremely pleased with you.
You were a filthy swine.
You visited 2 branches of the dungeon, and saw 16 of its levels.
You also visited: Ossuary.

You collected 2031 gold pieces.
You spent 138 gold pieces at shops.

Inventory:

Hand Weapons
 l - a +2 vorpal great mace
 A - a +2 vorpal eveningstar
 H - the +2 flail of the Howling Scorpion (melded) {elec, rPois MP+9}
   (You found it on level 4 of the Lair of Beasts)

   It occasionally discharges a powerful burst of electricity upon striking a
   foe.
   rPois:     It protects you from poison.
   MP:        It affects your magic capacity (+9).
Missiles
 d - 4 throwing nets (quivered)
 r - 7 boomerangs of dispersal
Armour
 b - a +1 scale mail of cold resistance
 e - a +0 cloak (melded)
 f - a +0 pair of gloves (melded)
 h - a +0 pair of boots (melded)
 j - a +0 plate armour (melded)
 p - a +1 helmet (melded)
 v - a +0 tower shield
 x - +0 acid dragon scales
Jewellery
 m - the amulet "Zoptauv" {Spirit Dex+2}
   (You found it on level 4 of the Lair of Beasts)

   [amulet of guardian spirit]

   It causes incoming damage to be divided between your reserves of health and
   magic.
   Dex:       It affects your dexterity (+2).
 n - a ring of protection from fire (melded)
 o - a +4 ring of protection (melded)
 t - a ring of magical power
 u - an amulet of reflection (around neck)
 y - a ring of ice
Wands
 C - a wand of mindburst (15)
 E - a wand of charming (8)
 I - a wand of paralysis (8)
Scrolls
 c - 4 scrolls of teleportation
 i - 4 scrolls of brand weapon
 q - 2 scrolls of fog
 s - a scroll of magic mapping
 w - a scroll of enchant weapon
 B - a scroll of enchant armour {unknown}
 F - a scroll of silence {unknown}
 J - a scroll of fear
 K - a scroll of identify
Potions
 a - a potion of heal wounds
 g - 7 potions of brilliance
 z - 3 potions of ambrosia
 D - a potion of berserk rage
 G - a potion of mutation
Miscellaneous
 k - a box of beasts


   Skills:
 * Level 11.8 Fighting
 + Level 12.6 Maces & Flails
 * Level 12.0 Armour
 + Level 2.1 Dodging
 + Level 0.4 Stealth
 + Level 10.9 Shields
 * Level 10.5 Invocations


You had 13 spell levels left.
You didn't know any spells.
Your spell library contained the following spells:

 Spells                   Type           Power      Damage    Failure   Level
 Animate Skeleton         Necr           0%         N/A       38%         1
 Slow                     Hex            0%         N/A       52%         2
 Confusing Touch          Hex            0%         N/A       77%         3
 Gell's Gravitas          Tloc           0%         N/A       77%         3
 Ozocubu's Armour         Ice            0%         N/A       77%         3
 Portal Projectile        Hex/Tloc       0%         N/A       77%         3
 Summon Guardian Golem    Hex/Summ       0%         N/A       77%         3
 Teleport Other           Tloc           0%         N/A       77%         3
 Leda's Liquefaction      Hex/Erth       0%         N/A       99%         4
 Blade Hands              Tmut           0%         N/A       100%        5
 Excruciating Wounds      Necr           0%         N/A       100%        5
 Metabolic Englaciation   Hex/Ice        0%         N/A       100%        5
 Conjure Ball Lightning   Conj/Air       0%         3x3d6     100%        6
 Dispersal                Tloc           0%         N/A       100%        6
 Simulacrum               Ice/Necr       0%         N/A       100%        6
 Orb of Destruction       Conj           0%         N/A       100%        7
 Spellforged Servitor     Conj/Summ      0%         N/A       100%        7
 Discord                  Hex            0%         N/A       100%        8
 Disjunction              Tloc           0%         N/A       100%        8


Dungeon Overview and Level Annotations

Branches:
Dungeon (11/15)            Temple (0/1) D:5            Lair (5/6) D:8
 Shoals (0/4) Lair:3        Snake (0/4) Lair:4          Orc (0/2) D:10
Ossuary (visited)
  Slime: Lair:5-6

Altars:
Kikubaaqudgha
Trog
Uskayaw
Xom
Zin
The Shining One
Beogh

Shops:
D:7 [[[!   D:9 *

Annotations:
D:8 1 runed translucent door, barkas's ghost, novice NaTm
D:11 Grum
Lair:5 Kirke


Innate Abilities, Weirdness & Mutations

You are a filthy swine.
You move quickly.
Your equipment is almost entirely melded.
You are incapable of wielding weapons or throwing items.
You cannot cast spells.
You are immune to sickness and miasma.
((Your stone body is resilient. (AC +10)))
You are immune to poison.
((Your large and strong wings let you fly.))
You resist negative energy. (rN+)
((You are resistant to electric shocks. (rElec)))
You are resistant to unholy torment.
You are immune to petrification.


Message History

Your +0 plate armour melds into your body.
Your ring of protection from fire melds into your body.
Your +4 ring of protection melds into your body.
The +2 flail of the Howling Scorpion {elec, rPois MP+9} stops crackling.
You see here 14 gold pieces.
You now have 1893 gold pieces (gained 14).
A black mamba comes into view.
Kirke points at you and mumbles some strange words.
You feel yourself slow down. The hog bites you!
The black mamba hisses angrily.
The hog completely misses you. The hog bites you!
The black mamba bites something!!
The hog bites you.
The black mamba completely misses something.
Kirke gestures wildly while chanting.
Kirke flickers and vanishes!
Deactivating autopickup; reactivate with Ctrl-A.
The hog closely misses you.
You hit the hog but do no damage. The hog closely misses you.
The hog bites you.
You hit the hog.
The hog is lightly wounded.
The hog bites you.
You hit the hog but do no damage.
The hog is lightly wounded.
The hog bites you! The hog barely misses you.
You hit the hog.
The hog is moderately wounded.
The hog bites you!
You bite the hog!
The hog is heavily wounded.
The hog bites you. The hog closely misses you.
You are momentarily dazzled by a brilliant light.
The hog bites you.
* * * LOW HITPOINT WARNING * * *
Unknown command.
You swap places.
The black mamba bites you!
* * * LOW HITPOINT WARNING * * *
Your angel hits Kirke with a +2 whip of holy wrath!
Your angel barely misses Kirke.
The black mamba bites you!!
You die...

........# ###........
........# ####P.........
......... #.............
........# ###...........
........## ##...........
.........# #............
#.h.##########..........
###hh#A#..#####.........
###@Sh..#..###........
#......#.#.##.......
............#..##......
..................#.....
..##....................#
. #P...............#####
#...............#..# ##
#..............#...###.
................#.##.


You could see Kirke (invisible), a black mamba, 3 hogs and a friendly angel
(summoned).

Vanquished Creatures
  The ghost of Ruicvywi the Grappler, a journeyman OgTm of Okawaru (Lair:3)
  4 hydras
  Fannar (D:11)
  A boulder beetle (D:8)
  Harold (D:7)
  A death knight (D:8)
  Urug (Lair:1)
  Sonja (D:11)
  Pikel (D:8)
  A deep elf pyromancer (D:8)
  12 elephants (Lair:4)
  Joseph (D:9)
  3 black mambas
  5 cane toads
  A torpor snail (Lair:4)
  A rime drake (Lair:3)
  Maggie (Lair:2)
  A kobold demonologist (D:9)
  11 komodo dragons
  4 slime creatures
  Grinder (D:4)
  4 dream sheep (Lair:4)
  16 blink frogs
  3 wyverns
  A shadow (D:8)
  Sigmund (D:3)
  A wraith (D:10)
  3 fire bats (Lair:4)
  13 yaks
  A vampire (D:11)
  4 basilisks
  2 steam dragons
  Edmund (D:6)
  2 nagas (Lair:4)
  5 acid dragons
  11 water moccasins
  Duvessa (D:6)
  Purgy (D:3)
  An ice beast (D:5)
  A hornet zombie (D:7)
  A necrophage (D:8)
  A sky beast (D:8)
  2 orc warriors
  An ogre (D:7)
  52 wolves
  2 lemures (D:8)
  6 centaurs
  A phantom (D:5)
  17 bullfrogs
  A kobold brigand (D:8)
  A wyvern zombie (D:5)
  A gnoll sergeant (D:8)
  A scorpion (D:4)
  A water moccasin zombie (D:7)
  Dowan (D:6)
  A water moccasin skeleton (D:6)
  10 killer bees
  A howler monkey (D:6)
  11 wights
  An electric eel (Lair:4)
  4 centaur zombies
  A jelly (D:6)
  2 hounds
  5 orc priests
  2 human zombies (Ossuary)
  2 centaur skeletons (D:6)
  Jessica (D:3)
  5 orc wizards
  5 hell rats (Lair:4)
  3 iguanas
  A scorpion zombie (D:5)
  2 killer bee zombies
  A hound skeleton (D:5)
  2 mummies (Ossuary)
  4 howler monkey zombies
  8 gnolls
  A howler monkey skeleton (D:7)
  7 adders
  A shadow imp (D:7)
  2 white imps (D:7)
  An adder skeleton (D:5)
  2 worms
  3 dart slugs
  26 orcs
  5 endoplasms
  3 giant cockroaches
  3 goblins
  3 hobgoblins
  9 jackals
  3 quokkas
  5 ball pythons
  7 bats
  4 frilled lizards
  3 gnoll zombies (Ossuary)
  3 goblin zombies (Ossuary)
  3 hobgoblin zombies (Ossuary)
  17 kobolds
  3 orc zombies (Ossuary)
  3 rats
404 creatures vanquished.

Vanquished Creatures (collateral kills)
  2 nagas (Lair:4)
  4 wolves
  A hell rat (Lair:4)
7 creatures vanquished.

Vanquished Creatures (others)
  An orc (D:6)
  21 fungi
  20 plants
42 creatures vanquished.

Grand Total: 453 creatures vanquished

Notes
Turn   | Place    | Note
-------+----------+-------------------------------------------
     0 | D:1      | robertstho the Gargoyle Fighter began the quest for the
                  | Orb.
     0 | D:1      | Reached XP level 1. HP: 14/14 MP: 1/1
   276 | D:1      | Found a faded altar of an unknown god.
   338 | D:1      | Reached XP level 2. HP: 19/19 MP: 2/2
  1141 | D:1      | Reached XP level 3. HP: 23/24 MP: 3/3
  2278 | D:3      | Noticed Purgy
  2303 | D:3      | Killed Purgy
  2304 | D:3      | Reached XP level 4. HP: 28/29 MP: 4/4
  2304 | D:3      | Reached XP level 5. HP: 32/33 MP: 5/5
  2565 | D:3      | Noticed Jessica
  2602 | D:3      | Killed Jessica
  2897 | D:3      | Noticed Sigmund
  2916 | D:3      | Killed Sigmund
  2917 | D:3      | Reached skill level 5 in Armour
  2917 | D:3      | Reached XP level 6. HP: 11/39 MP: 6/6
  2926 | D:3      | Identified a scroll of acquirement
  2928 | D:3      | Acquired 889 gold pieces
  3166 | D:3      | Found a glowing golden altar of the Shining One.
  3257 | D:3      | Became a worshipper of the Shining One
  4205 | D:4      | Noticed Grinder
  4211 | D:4      | Paralysed by Grinder for 6 turns
  4235 | D:4      | Paralysed by Grinder for 4 turns
  4337 | D:5      | Entered Level 5 of the Dungeon
  4489 | D:5      | Noticed a water moccasin
  4505 | D:5      | Killed a water moccasin
  4506 | D:5      | Reached XP level 7. HP: 36/44 MP: 7/7
  4654 | D:5      | Reached skill level 1 in Invocations
  4752 | D:5      | Reached skill level 5 in Fighting
  4985 | D:5      | Reached skill level 5 in Shields
  5104 | D:5      | Found a hide-covered altar of Uskayaw.
  5280 | D:5      | Found a staircase to the Ecumenical Temple.
  5486 | D:5      | Found a bloodstained altar of Trog.
  5499 | D:5      | Reached skill level 5 in Maces & Flails
  5737 | D:5      | Reached XP level 8. HP: 49/49 MP: 9/9
  5977 | D:6      | Reached * piety under the Shining One
  6040 | D:6      | Found a sand-covered staircase.
  6045 | Ossuary  | Entered an ossuary
  6278 | Ossuary  | Reached ** piety under the Shining One
  6541 | D:6      | Noticed Duvessa
  6541 | D:6      | Noticed Dowan
  6562 | D:6      | Killed Duvessa
  6572 | D:6      | Killed Dowan
  6786 | D:6      | Found an ancient bone altar of Kikubaaqudgha.
  7195 | D:6      | Noticed Edmund
  7787 | D:4      | Killed Grinder
  7788 | D:4      | Reached XP level 9. HP: 55/55 MP: 11/11
  7959 | D:6      | Killed Edmund
  8174 | D:7      | Found Wawnotie's Armour Shoppe.
  8399 | D:7      | Found Jeihet's Distillery.
  8461 | D:7      | Reached skill level 1 in Dodging
  8621 | D:7      | Reached *** piety under the Shining One
  8702 | D:7      | Found Muzietil's Armour Shoppe.
  8710 | D:7      | Bought a +1 helmet for 138 gold pieces
  8914 | D:7      | Reached skill level 5 in Invocations
  9106 | D:7      | Found Guf Kauf's Armour Shop.
  9151 | D:7      | Noticed Harold
  9174 | D:7      | Killed Harold
  9175 | D:7      | Reached XP level 10. HP: 33/63 MP: 12/14
  9617 | D:8      | Noticed a death knight
  9617 | D:8      | Noticed a deep elf pyromancer
  9617 | D:8      | Noticed a boulder beetle
  9617 | D:8      | Identified the +7 hand axe of the Sugar Beet {flame, Dex+6
                  | SInv}
  9617 | D:8      | Noticed Joseph
  9651 | D:8      | Found a shimmering altar of Xom.
  9799 | D:8      | HP: 2/63 [fire elemental[a deep elf pyromancer] (9)]
 10138 | D:9      | Reached **** piety under the Shining One
 10359 | D:9      | Noticed a kobold demonologist
 10374 | D:9      | Killed a kobold demonologist
 10740 | D:9      | Found a glowing silver altar of Zin.
 11294 | D:9      | Found Xusidduf's CLEARANCE SALE! EVERYTHING MUST GO!.
 11678 | D:10     | Entered Level 10 of the Dungeon
 12368 | D:10     | Found a staircase to the Orcish Mines.
 12447 | D:11     | Reached XP level 11. HP: 40/68 MP: 15/15
 12461 | D:11     | Noticed Sonja
 12470 | D:11     | Killed Sonja
 12660 | D:11     | Noticed Fannar
 12674 | D:11     | Killed Fannar
 12695 | D:11     | Noticed a manticore
 12699 | D:11     | Noticed Grum
 12701 | D:11     | Noticed a death knight
 12708 | D:11     | Noticed a seven-headed hydra
 13045 | D:9      | Killed Joseph
 13333 | D:8      | Killed a boulder beetle
 13510 | D:8      | Got the Papyrus of Unholy Beguiling
 13569 | D:8      | HP: 1/69 [death knight (13)]
 13571 | D:8      | Killed a death knight
 13913 | D:8      | Reached skill level 10 in Armour
 14401 | D:8      | Found a staircase to the Lair.
 14505 | D:8      | Killed a deep elf pyromancer
 14626 | D:8      | Found a runed translucent door.
 14631 | D:8      | Noticed barkas's ghost (novice NaTm)
 14841 | D:8      | Reached skill level 10 in Maces & Flails
 14945 | D:8      | Reached XP level 12. HP: 76/76 MP: 18/18
 15098 | D:8      | Noticed Pikel
 15109 | D:8      | Killed Pikel
 15348 | Lair:1   | Entered Level 1 of the Lair of Beasts
 15348 | Lair:1   | Noticed Urug
 15366 | Lair:1   | Killed Urug
 15531 | Lair:1   | Upgraded the game from 0.28-a0-21-gf74fda84f9 to
                  | 0.28-a0-32-g8dfe7f97f6
 16166 | Lair:1   | Noticed a five-headed hydra
 16175 | Lair:1   | Killed a five-headed hydra
 16176 | Lair:1   | Reached skill level 10 in Shields
 16605 | Lair:2   | Noticed Maggie
 16654 | Lair:2   | Killed Maggie
 16657 | Lair:2   | Reached skill level 10 in Fighting
 17563 | Lair:3   | Found a runed translucent gate.
 17563 | Lair:3   | Found a runed translucent gate.
 17563 | Lair:3   | Found a runed translucent gate.
 17567 | Lair:3   | Noticed Ruicvywi's ghost (journeyman OgTm)
 17568 | Lair:3   | Noticed a 12-headed hydra
 17629 | Lair:3   | Reached XP level 13. HP: 75/83 MP: 20/20
 18028 | Lair:3   | Found a staircase to the Shoals.
 18327 | Lair:3   | Killed Ruicvywi's ghost
 18510 | Lair:4   | Reached ***** piety under the Shining One
 19032 | Lair:4   | Identified the amulet "Zoptauv" {Spirit Dex+2}
 19339 | Lair:4   | Reached skill level 10 in Invocations
 19708 | Lair:4   | Identified the +2 flail of the Howling Scorpion {elec,
                  | rPois MP+9}
 19759 | Lair:4   | Found a staircase to the Snake Pit.
 20629 | Lair:4   | Gained mutation: Your large and strong wings let you fly.
                  | [Gargoyle growth]
 20629 | Lair:4   | Reached XP level 14. HP: 51/91 MP: 21/21
 21085 | Lair:5   | Noticed Kirke
 21098 | Lair:5   | Mangled by a black mamba

Illustrated notes

Levels and vault maps discovered:
D:1:      dpeg_arrival_tiny_d, layout_loops_ring,
          chequers_ecumenical_altar_grove
D:2:      layout_basic, minmay_pentomino_q2
D:3:      layout_rooms, tso_oasis_becter, uniq_purgy, uniq_sigmund, uniq_jessica
D:4:      layout_basic, uniq_grinder
D:5:      layout_layer_cave, trog_antimagical, mainiacjoe_overflow_alcove_1,
          minmay_temple_entry_statues_fountains
D:6:      layout_loops_ring, nicolae_kikubaaqudgha_miasma_corner,
          enter_ossuary_2, uniq_duvessa, uniq_edmund
D:7:      layout_loops_ring, serial_shops, nicolae_shop_crystal, shop,
          nicolae_take_the_stairs, nicolae_stop_n_shop_1,
          kennysheep_another_room, uniq_harold
D:8:      layout_basic, nicolae_overflow_hidden_temple, erik_lair_dragon,
          ebering_ghost_reflecting_pool, minmay_the_grid_2x2
          [minmay_the_grid_minigrid_small, minmay_the_grid_diamond_grid,
          minmay_the_grid_spikes, minmay_the_grid_prize_four_corners_diamond_b],
          uniq_pikel, uniq_joseph
D:9:      layout_grid_maze, zin_scriptorium, library_closet,
          nicolae_shop_clearance
D:10:     layout_basic, minmay_orc_entry_temple_small
D:11:     layout_small_grid, minmay_misc_feat_doors, minmay_statues_item,
          uniq_gastronok, uniq_fannar, uniq_sonja, uniq_grum
Lair:1:   layout_chaotic_city, grunt_forest_large_clearings, uniq_urug
Lair:2:   layout_regular_city, grunt_megastairs_1, uniq_maggie
Lair:3:   layout_gridlike, shoals_dummy_entry, gammafunk_ghost_hydra_chop
Lair:4:   layout_gridlike, minmay_snake_entry_guardpost_small
Lair:5:   layout_cave_pods, gammafunk_lair_bear_cave, uniq_kirke

Skill      XL: |  1  2  3  4  5  6  7  8  9 10 11 12 13 |
---------------+----------------------------------------+-----
Fighting       | 4 5 6 7 8 9 10 11 | 11.8
Maces & Flails | 3 4 5 6 7 8 10 11 12 | 12.6
Armour         | 4 5 6 7 9 10 11 12 | 12.0
Shields        | 4 5 6 7 8 9 10 | 10.9
Invocations    | 2 3 5 6 8 9 10 | 10.5
Dodging        | 1 2 |  2.1
Stealth        | |  0.4

Action                   |  1- 3 |  4- 6 |  7- 9 | 10-12 | 13-15 || total
-------------------------+-------+-------+-------+-------+-------++-------
Melee: Flail             |   156 |   163 |   194 |   528 |   116 ||  1157
       Mace              |       |       |   223 |       |       ||   223
       Eveningstar       |       |       |       |   244 |       ||   244
       Great mace        |       |       |       |       |   193 ||   193
       Unarmed           |       |       |       |       |     5 ||     5
Throw: Throwing net      |       |       |       |     1 |       ||     1
Invok: Cleansing Flame   |       |       |       |    11 |       ||    11
       Summon Divine War |       |       |       |       |     2 ||     2
  Use: Potion            |     3 |     1 |     4 |     3 |     2 ||    13
       Scroll            |     3 |     4 |     3 |    11 |     4 ||    25
Armor: Scale mail        |    66 |       |       |       |       ||    66
       Plate armour      |    51 |   127 |   329 |   487 |   373 ||  1367
       Skin              |    17 |     6 |    17 |       |       ||    40
Dodge: Dodged            |    59 |    32 |   107 |   162 |   174 ||   534
Block: Kite shield       |   103 |   100 |   291 |   464 |       ||   958
       Reflection        |       |       |       |     2 |     2 ||     4
       Tower shield      |       |       |       |   334 |       ||   334
       Other             |       |       |       |       |   100 ||   100

Table legend: (Time is in decaauts)
 A = Elapsed time spent in this place.
 B = Non-inter-level travel time spent in this place.
 C = Inter-level travel time spent in this place.
 D = Time resting spent in this place.
 E = Time spent auto-exploring this place.
 F = Levels seen in this place.
 G = Mean time per level.
                   A        B        C        D        E       F      G
               +--------+--------+--------+--------+--------+-----+--------+
         Total |  21483 |  20715 |    768 |   3217 |  13715 |  17 | 1263.7 |
       Dungeon |  15265 |  14600 |    665 |   2473 |   9570 |  11 | 1387.7 |
          Lair |   5821 |   5719 |    102 |    744 |   3869 |   5 | 1164.2 |
       Ossuary |    395 |    395 |      0 |      0 |    276 |   1 |  395.0 |
               +--------+--------+--------+--------+--------+-----+--------+

Top non-repeatable levels by time:
     D:8: 2549 daAuts
  Lair:4: 2275 daAuts
     D:9: 2172 daAuts
     D:5: 1914 daAuts
     D:1: 1339 daAuts
  Lair:1: 1284 daAuts
     D:6: 1275 daAuts
     D:7: 1242 daAuts
     D:3: 1235 daAuts
     D:4: 1227 daAuts
    D:10: 1105 daAuts
     D:2: 1041 daAuts
  Lair:2: 974 daAuts
  Lair:3: 955 daAuts
 Ossuary: 395 daAuts
